 Dungeon Crawl Stone Soup version 0.30-a0-862-g1aabd4f9c5 (webtiles) character file.

Game seed: 16579290536440911417

1017 Hubris850 the Insei (level 8, 0/58 HPs)
             Began as a Demonspawn Gladiator on Mar 8, 2023.
             Slain by a sun demon (17 damage)
             ... summoned by a kobold demonologist
             ... on level 5 of the Dungeon.
             The game lasted 00:16:08 (4606 turns).

Hubris850 the Insei (Demonspawn Gladiator)          Turns: 4606, Time: 00:16:08

Health: 0/58       AC:  7    Str: 14    XL:     8   Next: 1%
Magic:  8/8        EV: 13    Int: 12    God:
Gold:   68         SH:  0    Dex: 15    Spells: 5/7 levels left

rFire   . . .      SeeInvis .    J - +8 short sword "Cyulaecs" {drain, rElec}
rCold   . . .      Faith    .    (no shield)
rNeg    . . .      Spirit   .    t - +2 robe {Will+}
rPois   .          Reflect  .    (helmet restricted)
rElec   +          Rampage  .    F - +0 cloak
rCorr   .                        a - +0 pair of gloves
Will    ++...                    h - +0 pair of boots
Stlth   +                        (no amulet)
HPRegen 0.29/turn                I - ring of willpower
MPRegen 0.11/turn                (no ring)

@: no status effects
A: horns 2, powered by death 1, spiny 2
a: no special abilities


You were on level 5 of the Dungeon.
You visited 1 branch of the dungeon, and saw 5 of its levels.

You collected 224 gold pieces.
You spent 156 gold pieces at shops.

Inventory:

Hand Weapons
 e - a +1 hand axe of flaming
 j - a +0 war axe
 J - the +8 short sword "Cyulaecs" (weapon) {drain, rElec}
   (You found it on level 5 of the Dungeon)

   rElec:     It insulates you from electricity.
Missiles
 c - 3 throwing nets
 i - 16 poisoned darts (quivered)
Armour
 a - a +0 pair of gloves (worn)
 h - a +0 pair of boots (worn)
 s - the +1 robe of the Mind {rC+}
   (You took it off a goblin on level 2 of the Dungeon)

   rC:        It protects you from cold.
 t - a +2 robe of willpower (worn)
 z - a +0 buckler
 C - +0 gold dragon scales
 D - the +1 robe of Context {Dex+3}
   (You bought it in a shop on level 3 of the Dungeon)

   Dex:       It affects your dexterity (+3).
 F - a +0 cloak (worn)
 G - +0 gold dragon scales
Jewellery
 I - a ring of willpower (left hand)
 K - a +6 ring of dexterity
Wands
 b - a wand of paralysis (7)
 y - a wand of digging (4)
Scrolls
 f - 2 scrolls of teleportation {unknown}
 k - a scroll of fog
 m - a scroll of enchant armour
 p - a scroll of vulnerability {unknown}
 q - a scroll of poison {unknown}
 r - 2 scrolls of brand weapon {unknown}
 u - 2 scrolls of magic mapping {unknown}
 w - a scroll of immolation {unknown}
 A - a scroll of enchant weapon {unknown}
 B - a scroll of amnesia {unknown}
Potions
 g - a potion of curing
 l - 2 potions of attraction {unknown}
 n - a potion of lignification
 o - 4 potions of brilliance {unknown}
 v - a potion of flight
 x - a potion of haste
 E - a potion of berserk rage
 H - 2 potions of heal wounds {unknown}


   Skills:
 - Level 3.0 Fighting
 + Level 4.9 Throwing
 - Level 4.0 Dodging
 * Level 6.7 Unarmed Combat


You had 5 spell levels left.
You knew the following spells:

 Your Spells              Type           Power      Damage    Failure   Level
a - Scorch                Fire           0%         2d5       45%         2

Your spell library contained the following spells:

 Spells                   Type           Power      Damage    Failure   Level
 Shock                    Conj/Air       0%         1d3       32%         1
 Ozocubu's Armour         Ice            0%         N/A       69%         3
 Swiftness                Air            0%         N/A       69%         3
 Airstrike                Air            0%         2d(0-16)  97%         4
 Flame Wave               Conj/Fire      0%         2d4       97%         4
 Summon Cactus Giant      Summ           0%         N/A       100%        6
 Ozocubu's Refrigeration  Ice            0%         4d7       100%        7


Dungeon Overview and Level Annotations

Branches:
Dungeon (5/15)
 Temple: D:4-7

Altars:
Fedhas
Sif Muna

Shops:
D:3 [   D:4 ?

Portals:
Abyss: D:3

Annotations:
D:3 2 transporters, BubbleThief's ghost, amateur NaVM
D:5 1 transporter


Innate Abilities, Weirdness & Mutations

You have a pair of horns on your head.
You regenerate a little health from kills.
You are mostly covered in sharp spines.


Message History

Press: ? - help, Shift-Dir - straight line, f - kobold demonologist
Aim: a kobold demonologist, wielding a +2 dagger of speed and wearing a +0 robe (56% to hit)
The puff of flame hits the kobold demonologist.
The kobold demonologist is lightly wounded.
The orc priest calls down the wrath of Beogh upon you.
You resist with almost no effort.
The shadow imp lashes its tail.
There is an open door here.
Aiming: Throw Flame
Press: ? - help, Shift-Dir - straight line, f/p - kobold demonologist
Aim: a kobold demonologist, wielding a +2 dagger of speed and wearing a +0 robe (lightly wounded, 56% to hit)
The puff of flame hits the kobold demonologist.
The kobold demonologist is moderately wounded.
The orc priest begins to cast a cantrip, but forgets the words!
Aiming: Throw Flame
Press: ? - help, Shift-Dir - straight line, f/p - kobold demonologist
Aim: a kobold demonologist, wielding a +2 dagger of speed and wearing a +0 robe (moderately wounded, 56% to hit)
The puff of flame hits the kobold demonologist!
The kobold demonologist is heavily wounded.
Aiming: Throw Flame
Press: ? - help, Shift-Dir - straight line, f/p - kobold demonologist
Aim: a kobold demonologist, wielding a +2 dagger of speed and wearing a +0 robe (heavily wounded, 56% to hit)
The puff of flame hits the kobold demonologist.
The kobold demonologist is heavily wounded.
The now-empty wand crumbles to dust.
The kobold demonologist casts a spell.
The orc priest invokes the aid of Beogh against you.
Beogh smites you!
Throw: javelin
Press: ? - help, Shift-Dir - straight line, f/p - kobold demonologist
Aim: a kobold demonologist, wielding a +2 dagger of speed and wearing a +0 robe (heavily wounded, 51% to hit)
You throw a javelin.
The javelin completely misses the kobold demonologist.
The kobold demonologist looks satisfied for a moment.
The kobold demonologist mumbles some strange words.
The sun demon misses you.
You miss the chaos spawn. The sun demon hits you!!
* * * LOW HITPOINT WARNING * * *
You are engulfed in flames!
You die...

.........#.........#
.........#.........#
.........######.############## ##
.........#...................###.
.........#...)...................
.).......#..###############...#..
.........#..#8P#K5o....#~8#...#.#
######.###..#P.#≈≈≈≈≈≈≈#.P#.....#
#.###..#..#@4~P~..#.$#....##
###.##..©#©.'3.~⌠~..+)©#©..###
#........#..#..~~~..#.$#......
####....#...#P.#≈≈≈≈≈≈≈#.P#...##.
...#....#.).#8P#55o....#~8#......
...#....#..)###############......
...........).....................
#.....##....>..................#.
####..##.......>.........###.....


You could see a sun demon (summoned), a kobold demonologist, a chaos spawn
(summoned), 2 orc priests and 3 shadow imps.

Vanquished Creatures
  A water moccasin (D:4)
  A black bear (D:4)
  An ogre (D:5)
  A phantom (D:5)
  2 scorpions
  A howler monkey (D:4)
  A jelly (D:4)
  A hound (D:3)
  Jessica (D:2)
  2 iguanas (D:5)
  2 orc wizards
  8 gnolls
  8 adders
  2 ufetubi (D:5)
  9 worms
  A dart slug (D:5)
  20 orcs
  3 ball pythons
  8 endoplasms
  3 giant cockroaches
  8 goblins
  8 hobgoblins
  5 jackals
  3 quokkas
  10 bats
  5 frilled lizards
  9 kobolds
  4 rats
128 creatures vanquished.

Notes
Turn   | Place    | Note
-------+----------+-------------------------------------------
     0 | D:1      | Hubris850 the Demonspawn Gladiator began the quest for the
                  | Orb.
     0 | D:1      | Reached XP level 1. HP: 16/16 MP: 1/1
    40 | D:1      | Gained mutation: You are partially covered in sharp spines.
                  | [demonic ancestry]
    40 | D:1      | Reached XP level 2. HP: 15/22 MP: 2/2
   218 | D:1      | Reached skill level 3 in Unarmed Combat
   409 | D:1      | Gained mutation: You are mostly covered in sharp spines.
                  | [demonic ancestry]
   409 | D:1      | Reached XP level 3. HP: 28/28 MP: 3/3
   841 | D:2      | Identified the +1 robe of the Mind {rC+}
   898 | D:2      | Noticed Jessica
   903 | D:2      | Killed Jessica
   904 | D:2      | Gained mutation: You have a pair of small horns on your
                  | head. [demonic ancestry]
   904 | D:2      | Reached XP level 4. HP: 19/34 MP: 4/4
  1768 | D:3      | Found a transporter.
  1770 | D:3      | Noticed BubbleThief's ghost (amateur NaVM)
  1855 | D:3      | Found a transporter.
  1858 | D:3      | Found a one-way gate to the infinite horrors of the Abyss.
  1882 | D:3      | Reached XP level 5. HP: 34/41 MP: 5/5
  2205 | D:3      | Found Qeleb's Antique Armour Shoppe.
  2308 | D:3      | Found a shimmering blue altar of Sif Muna.
  2316 | D:3      | Found a blossoming altar of Fedhas.
  2479 | D:3      | Reached skill level 4 in Unarmed Combat
  2680 | D:3      | Bought a sheer robe for 96 gold pieces
  2680 | D:3      | Identified the +1 robe of Context {Dex+3} (You bought it in
                  | a shop on level 3 of the Dungeon)
  2760 | D:4      | Noticed a water moccasin
  2769 | D:4      | Killed a water moccasin
  2770 | D:4      | Gained mutation: You have a pair of horns on your head.
                  | [demonic ancestry]
  2770 | D:4      | Reached XP level 6. HP: 42/47 MP: 6/6
  3224 | D:4      | Reached skill level 5 in Unarmed Combat
  3603 | D:4      | Found Elluy's Magic Scroll Boutique.
  3622 | D:4      | Bought a scroll of noise for 12 gold pieces
  3622 | D:4      | Bought a scroll of identify for 24 gold pieces
  3622 | D:4      | Bought a scroll of identify for 24 gold pieces
  3660 | D:4      | Reached XP level 7. HP: 46/52 MP: 7/7
  3841 | D:5      | Entered Level 5 of the Dungeon
  3995 | D:5      | Reached skill level 6 in Unarmed Combat
  4112 | D:5      | Found a transporter.
  4126 | D:5      | Found a transporter.
  4142 | D:5      | Noticed a kobold demonologist
  4238 | D:5      | Identified the +8 short sword "Cyulaecs" {drain, rElec}
  4357 | D:5      | Gained mutation: You regenerate a little health from kills.
                  | [demonic ancestry]
  4357 | D:5      | Reached XP level 8. HP: 51/58 MP: 8/8
  4592 | D:5      | Learned a level 2 spell: Scorch
  4604 | D:5      | Noticed a sun demon
  4606 | D:5      | Slain by a sun demon

Illustrated notes

Levels and vault maps discovered:
D:1:      dpeg_arrival_rooms_c, layout_loops_ring, minmay_misc_feat_iff
D:2:      minmay_chambers_of_ones, layout_loops_ring, uniq_jessica
D:3:      layout_loops_ring, minmay_overflow_temple_star_quad, serial_shops,
          nicolae_shop_behind_doors, gammafunk_ghost_abyssal_escape,
          serial_park_tiny_2
D:4:      layout_gridville, serial_shops, shop, nicolae_wormholes
D:5:      gammafunk_wand_slinger, layout_rooms, serial_bayou_pond_d

Skill      XL: |  1  2  3  4  5  6  7 |
---------------+----------------------+-----
Throwing       | 2 3 4 |  4.9
Unarmed Combat | 3 4 5 6 |  6.7
Dodging        | 3 4 |  4.0
Fighting       | 3 |  3.0

Action                     |  1- 3 |  4- 6 |  7- 9 || total
---------------------------+-------+-------+-------++-------
  Melee: Unarmed           |    63 |   140 |    53 ||   256
         Headbutt          |       |    27 |     7 ||    34
         Punch             |       |     2 |     2 ||     4
         Short sword       |       |       |     9 ||     9
  Throw: Dart              |     3 |     3 |     6 ||    12
         Javelin           |     1 |     1 |     1 ||     3
         Throwing net      |     1 |       |       ||     1
  Evoke: Wand              |       |     3 |     4 ||     7
    Use: Potion            |       |     2 |       ||     2
         Scroll            |       |     6 |     1 ||     7
   Stab: Sleeping          |     1 |     2 |     1 ||     4
         Held in net/web   |     1 |       |       ||     1
 Armour: Leather armour    |    18 |       |       ||    18
         Robe              |       |    20 |    12 ||    32
  Dodge: Dodged            |    26 |    85 |    27 ||   138

Table legend: (Time is in decaauts)
 A = Elapsed time spent in this place.
 B = Non-inter-level travel time spent in this place.
 C = Inter-level travel time spent in this place.
 D = Time resting spent in this place.
 E = Time spent auto-exploring this place.
 F = Levels seen in this place.
 G = Mean time per level.
                   A        B        C        D        E       F      G
               +--------+--------+--------+--------+--------+-----+--------+
         Total |   4586 |   4177 |    409 |    262 |   3001 |   5 |  917.2 |
       Dungeon |   4586 |   4177 |    409 |    262 |   3001 |   5 |  917.2 |
               +--------+--------+--------+--------+--------+-----+--------+

Top non-repeatable levels by time:
     D:4: 1189 daAuts
     D:3: 1095 daAuts
     D:2: 1009 daAuts
     D:5: 657 daAuts
     D:1: 634 daAuts
